[Event "34e Open International d'Ã©checs d'Avoi"]
[Site "Avoine, France"]
[Date "2019.07.22"]
[Round "3.1"]
[White "Shirazi, Kamran"]
[Black "Vedmediuc, Serghei"]
[Result "0-1"]
[WhiteElo "2343"]
[BlackElo "2450"]
[Annotator "Smith,John"]
[PlyCount "50"]
[EventDate "2019.??.??"]
[TimeControl "1"]

1. e4 c5 2. Nf3 Nc6 3. b3 e5 4. Bb2 d6 5. d4 cxd4 6. c3 dxc3 7. Nxc3 Nf6 8. a3 Be7 9. h3 O-O 10. b4 Be6 11. Ng5 Bd7 12. Bc4 Rc8 13. Ba2 Nd4 14. O-O Nb5 15. Nxb5 Bxb5 16. Re1 Bc4 17. Bxc4 Rxc4 18. Qd3 Qc7 19. f4 Nh5 20. fxe5 Bxg5 21. exd6 Qc6 22. Be5 Bf4 23. Bxf4 Nxf4 24. Qd2 g5 25. Rac1 Rxc1 0-1

[Event "34e Open International d'Ã©checs d'Avoin"]
[Site "Avoine, France"]
[Date "2019.07.22"]
[Round "3.2"]
[White "Eugene, Floryan"]
[Black "Dionisi, Thomas"]
[Result "1/2-1/2"]
[WhiteElo "2300"]
[BlackElo "2405"]
[PlyCount "139"]
[EventDate "2019.??.??"]
[TimeControl "1"]

1. d4 f5 2. Bf4 Nf6 3. e3 g6 4. h4 h6 5. Qf3 d6 6. Nc3 c6 7. Bc4 d5 8. Bd3 Be6 9. h5 Nxh5 10. Rxh5 gxh5 11. Bxf5 Bxf5 12. Qxh5+ Kd7 13. Qxf5+ e6 14. Qg4 Bd6 15. Bxd6 Kxd6 16. Nf3 Kc7 17. Qxe6 Qd6 18. Qxd6+ Kxd6 19. Ne5 Rg8 20. Ke2 Nd7 21. Rh1 Nxe5 22. dxe5+ Kxe5 23. Rh5+ Kf6 24. Rxh6+ Rg6 25. Rh7 Rg7 26. Rh6+ Rg6 27. Rh7 Rg7 28. Rxg7 Kxg7 29. Kd3 Rh8 30. e4 Rh2 31. exd5 cxd5 32. Nxd5 Rxg2 33. Ke3 Kf7 34. a4 Rg1 35. Nc3 Ke7 36. Nb5 a6 37. Nd4 Kd6 38. b3 Rd1 39. Ne2 Kc5 40. Nc3 Rd8 41. Ne4+ Kb4 42. f4 Rd5 43. Kf3 Ka3 44. Kg4 Kb2 45. c4 Rd4 46. Nc5 b6 47. Ne6 Rd6 48. Kf5 Kxb3 49. Ke5 Rd1 50. c5 Re1+ 51. Kd5 Rxe6 52. Kxe6 bxc5 53. f5 c4 54. f6 c3 55. f7 c2 56. f8=Q c1=Q 57. Qf3+ Kxa4 58. Qe4+ Ka3 59. Qf3+ Ka4 60. Qe4+ Ka5 61. Qd5+ Kb6 62. Qb3+ Kc6 63. Qa4+ Kb7 64. Qb4+ Kc7 65. Qd6+ Kb7 66. Qb4+ Ka7 67. Qe7+ Kb6 68. Qb4+ Kc6 69. Qa4+ Kc7 70. Qa5+ 1/2-1/2

[Event "34e Open International d'échecs d'Avoin"]
[Site "Avoine, France"]
[Date "2019.07.22"]
[Round "3.3"]
[White "Haub, Thorsten Michael"]
[Black "Eden, James"]
[Result "0-1"]
[WhiteElo "2404"]
[BlackElo "2343"]
[PlyCount "96"]
[EventDate "2019.??.??"]
[TimeControl "1"]

1. Nf3 d5 2. g3 Nf6 3. Bg2 Bg4 4. d3 Nbd7 5. Nbd2 e5 6. h3 Bh5 7. e4 dxe4 8. dxe4 Bc5 9. Qe2 c6 10. a4 Qc7 11. O-O O-O 12. g4 Bg6 13. Nh4 Rfe8 14. Nxg6 hxg6 15. Nf3 Nf8 16. Ng5 N6h7 17. Nxh7 Kxh7 18. g5 Ne6 19. h4 Rad8 20. c3 a5 21. Bh3 Nf4 22. Bxf4 exf4 23. Rad1 Qe5 24. Rxd8 Rxd8 25. Kg2 f3+ 26. Qxf3 Rd2 27. Qg4 Rxb2 28. h5 gxh5 29. Qxh5+ Kg8 30. Qg4 g6 31. c4 Qd4 32. Qf4 Bd6 33. Qh4 Re2 34. Qg4 Rxe4 35. Qf3 Qe5 36. Rd1 Qxg5+ 37. Kf1 Qe5 38. Bg2 Rf4 39. Qd3 Bc5 40. Bf3 Kg7 41. Re1 Qf6 42. Kg2 Qh4 43. Qc3+ Bd4 44. Qd2 Qf6 45. Qd3 Qg5+ 46. Kf1 Qh4 47. Qe2 Qh3+ 48. Bg2 Qg3 0-1

[Event "34e Open International d'Ã©checs d'Avoin"]
[Site "Avoine, France"]
[Date "2019.07.22"]
[Round "3.4"]
[White "Heurtebize, Olivier"]
[Black "Travadon, Loic"]
[Result "1/2-1/2"]
[WhiteElo "2298"]
[BlackElo "2403"]
[PlyCount "120"]
[EventDate "2019.??.??"]
[TimeControl "1"]

1. Nf3 Nf6 2. g3 g6 3. Bg2 Bg7 4. O-O O-O 5. d4 b6 6. c4 Bb7 7. e3 e6 8. Qe2 d5 9. Rd1 a5 10. Ne5 Ne4 11. cxd5 exd5 12. Nc3 Nxc3 13. bxc3 Nd7 14. Ba3 Re8 15. Nd3 c6 16. Qc2 Ba6 17. Nb2 Rc8 18. Qb3 Nf6 19. c4 b5 20. cxb5 cxb5 21. Bc5 Ne4 22. Rac1 b4 23. Rc2 Nc3 24. Rxc3 bxc3 25. Na4 Bc4 26. Qxc3 Bxa2 27. Qa3 Bc4 28. Nb6 Rb8 29. Qxa5 Bf8 30. Qa4 Bh6 31. Nxc4 dxc4 32. Qxc4 Qf6 33. Qe2 Rb3 34. Bd5 Rc3 35. Qf3 Qxf3 36. Bxf3 Rb8 37. Bd6 Rd8 38. Bb4 Rc2 39. Be4 Rb2 40. Ba5 Rc8 41. Ra1 Bf8 42. Ra4 Rc1+ 43. Kg2 Kg7 44. h4 Bd6 45. Bd3 Rd1 46. Bc3 Rb7 47. Be4 Rc7 48. Bb2 Rd2 49. Ba1 f5 50. Bc6 Re7 51. Kf3 Rc2 52. Ra6 Bb4 53. d5+ Kh6 54. Ba4 Ra2 55. Bf6 Be1 56. Kg2 Rb7 57. Bg5+ Kg7 58. Bf6+ Kh6 59. Bg5+ Kg7 60. Bf6+ Kh6 1/2-1/2

[Event "34e Open International d'Ã©checs d'Avoin"]
[Site "Avoine, France"]
[Date "2019.07.22"]
[Round "3.5"]
[White "Ollier, Pablo"]
[Black "Sandu, Mihaela"]
[Result "0-1"]
[WhiteElo "2381"]
[BlackElo "2286"]
[PlyCount "81"]
[EventDate "2019.??.??"]
[TimeControl "1"]

1. d4 Nf6 2. c4 g6 3. Nc3 d5 4. e3 Bg7 5. Qb3 dxc4 6. Bxc4 O-O 7. Nf3 Nc6 8. Be2 Rb8 9. O-O Bf5 10. d5 Na5 11. Qa3 c6 12. b4 b5 13. Qxa5 Qxa5 14. bxa5 Ne4 15. Nxe4 Bxe4 16. Bd2 Bxa1 17. Rxa1 Bxd5 18. Bb4 Rfe8 19. Ne5 f6 20. Nd7 Rbd8 21. Nc5 e5 22. a3 f5 23. Rc1 h5 24. h4 Kh7 25. f3 e4 26. f4 Rg8 27. Kf2 Rge8 28. a6 Rg8 29. Bc3 Rgf8 30. Bd4 Rf7 31. Nb7 Ra8 32. Na5 Rb8 33. Nb7 Ra8 34. Rc3 Rff8 35. Rc5 Rac8 36. Bxb5 cxb5 37. Rxd5 Rf7 38. Bxa7 g5 39. hxg5 Rc6 40. Bd4 Rxa6 41. Rd8 0-1

[Event "34e Open International d'Ã©checs d'Avoin"]
[Site "Avoine, France"]
[Date "2019.07.22"]
[Round "3.6"]
[White "Colin, Vincent"]
[Black "Bressy, Theo"]
[Result "1/2-1/2"]
[WhiteElo "2370"]
[BlackElo "2182"]
[PlyCount "87"]
[EventDate "2019.??.??"]
[TimeControl "1"]

1. d4 d5 2. Nf3 Nf6 3. e3 e6 4. Bd3 Bd6 5. O-O O-O 6. c4 c5 7. Nc3 dxc4 8. Bxc4 Nc6 9. a3 Qe7 10. dxc5 Bxc5 11. b4 Bd6 12. Bb2 Ng4 13. h3 Nge5 14. Nxe5 Nxe5 15. Be2 Ng6 16. Ne4 Bc7 17. Rc1 f5 18. Qc2 Bb8 19. Nc5 Bd6 20. Rfd1 b6 21. Bf3 Rb8 22. Nd3 e5 23. Ne1 e4 24. Be2 f4 25. exf4 Bxf4 26. Qb3+ Kh8 27. Rc3 Bb7 28. Nc2 Qh4 29. Rf1 Qg5 30. Nd4 Nh4 31. Bg4 Bd5 32. Ne6 Qe5 33. Nxf8 Bxb3 34. Nd7 Qg5 35. Nxb8 h5 36. g3 Bxb8 37. Rc8+ Kh7 38. Rxb8 hxg4 39. gxh4 Qxh4 40. Rb7 gxh3 41. Rxg7+ Kh6 42. Rg3 e3 43. Kh2 Bc4 44. Rxh3 1/2-1/2

[Event "34e Open International d'échecs d'Avoin"]
[Site "Avoine, France"]
[Date "2019.07.22"]
[Round "3.7"]
[White "Gouanelle, Franck"]
[Black "Stephan, Victor"]
[Result "0-1"]
[WhiteElo "2094"]
[BlackElo "2358"]
[PlyCount "146"]
[EventDate "2019.??.??"]
[TimeControl "1"]

1. d4 Nf6 2. Nf3 e6 3. Bf4 d5 4. e3 Bd6 5. Bg3 O-O 6. Nbd2 c5 7. c3 Qc7 8. Ne5 Nc6 9. f4 Ne7 10. Bf2 c4 11. Qf3 b5 12. Bh4 Ne8 13. Bxe7 Bxe7 14. Be2 Bb7 15. Qh3 Nd6 16. Bd1 Rae8 17. Bc2 Ne4 18. O-O Bd6 19. Nxe4 dxe4 20. a3 f6 21. Ng4 Bd5 22. Nf2 f5 23. Nh1 a5 24. g4 b4 25. axb4 axb4 26. gxf5 exf5 27. Ng3 g6 28. Rae1 Ra8 29. Bb1 bxc3 30. bxc3 Ra3 31. Rc1 Qa5 32. Ne2 Rb8 33. Qh4 Qd8 34. Qxd8+ Rxd8 35. Kf2 Rb8 36. Rfd1 Kg7 37. Ke1 h6 38. Kd2 g5 39. fxg5 hxg5 40. Ng3 Kg6 41. Rf1 Be6 42. Bc2 Bc7 43. Ra1 Rba8 44. Rab1 Rh8 45. Rf2 Rb8 46. Rff1 Rh8 47. Rf2 Ra2 48. Rb5 Rb8 49. Rxb8 Bxb8 50. Kc1 Bc7 51. Kb1 Ra8 52. Bd1 Rh8 53. Ra2 Bxg3 54. hxg3 Rh1 55. Kc1 f4 56. Ra6 Kf7 57. Ra7+ Kf6 58. gxf4 gxf4 59. Ra6 fxe3 60. Kc2 Rh2+ 61. Kc1 Ke7 62. Ra7+ Kd8 63. Ra8+ Kc7 64. Ra7+ Kb8 65. Re7 Bd5 66. Re5 Bb7 67. d5 e2 68. Bxe2 Rxe2 69. d6 Bc6 70. Re7 Re3 71. Rc7 Rxc3+ 72. Kb2 Rb3+ 73. Ka2 Rb6 0-1

[Event "34e Open International d'Ã©checs d'Avoin"]
[Site "Avoine, France"]
[Date "2019.07.22"]
[Round "3.8"]
[White "Demuth, Adrien"]
[Black "Merenciano, Alexandre"]
[Result "1-0"]
[WhiteElo "2502"]
[BlackElo "2198"]
[PlyCount "79"]
[EventDate "2019.??.??"]
[TimeControl "1"]

1. Nf3 Nf6 2. c4 e6 3. Nc3 d5 4. e3 Be7 5. b3 O-O 6. Bb2 b6 7. g3 Bb7 8. Bg2 c5 9. O-O Nc6 10. cxd5 Nxd5 11. Nxd5 exd5 12. d4 Bf6 13. Qd2 Ba6 14. Rfd1 c4 15. Ne5 Rc8 16. bxc4 Bxc4 17. Nxc4 dxc4 18. Rac1 b5 19. e4 Bg5 20. f4 Be7 21. Bh3 Rb8 22. Bf1 Qa5 23. Qxa5 Nxa5 24. d5 Bc5+ 25. Kg2 Rfc8 26. d6 Be3 27. Rc2 Nc6 28. a3 a5 29. Kf3 Bc5 30. Rd5 Nd8 31. e5 a4 32. Bh3 Ne6 33. d7 Rd8 34. Bxe6 Bxa3 35. Bxf7+ Kxf7 36. Bxa3 b4 37. Rxc4 bxa3 38. Rxa4 Rb3+ 39. Kg4 Ke7 40. Ra7 1-0

[Event "34e Open International d'échecs d'Avoin"]
[Site "Avoine, France"]
[Date "2019.07.22"]
[Round "3.9"]
[White "Bouvet, Florian"]
[Black "Bailet, Pierre"]
[Result "1/2-1/2"]
[WhiteElo "2200"]
[BlackElo "2494"]
[PlyCount "126"]
[EventDate "2019.??.??"]
[TimeControl "1"]

1. e4 e5 2. Nf3 Nc6 3. Bb5 a6 4. Ba4 Nf6 5. O-O Be7 6. Re1 b5 7. Bb3 d6 8. c3 O-O 9. h3 Nb8 10. d4 Nbd7 11. Nbd2 Bb7 12. Bc2 Re8 13. Nf1 Bf8 14. Ng3 g6 15. a4 c5 16. b3 d5 17. dxe5 dxe4 18. Nxe4 Nxe4 19. Bxe4 Bxe4 20. Rxe4 Nxe5 21. Bf4 Qxd1+ 22. Rxd1 Red8 23. Rxd8 Nxf3+ 24. gxf3 Rxd8 25. c4 bxa4 26. bxa4 h6 27. Kg2 g5 28. Bc7 Rc8 29. Bb6 Bd6 30. h4 gxh4 31. Rxh4 Rc6 32. a5 Be5 33. Re4 Bd4 34. Re8+ Kg7 35. Ra8 Rg6+ 36. Kh1 Rf6 37. Kg2 Rg6+ 38. Kh1 Rf6 39. Rxa6 Rxf3 40. Ra8 Rb3 41. Rb8 Ra3 42. Ra8 Rb3 43. Bc7 Bxf2 44. Kg2 Rb7 45. Be5+ f6 46. a6 Rb6 47. Bc7 Rb2 48. a7 Bd4+ 49. Kh3 Ra2 50. Bb6 h5 51. Kg3 Ra3+ 52. Kg2 Ra2+ 53. Kf3 Ra3+ 54. Kg2 Ra2+ 55. Kg3 Kh6 56. Kh4 Kg6 57. Rh8 Kf7 58. Ra8 Kg7 59. Kh3 Ra3+ 60. Kg2 Ra2+ 61. Kf3 Ra3+ 62. Kg2 Ra2+ 63. Kh3 Be5 {Kg2 Bd4+ [%emt 00:00:02] Kf3 [%emt 00:00:04]
Ra3+ Ke2 [%emt 00:00:04] h4 Kd3 [%emt 00:00:31] [%emt 0:00:06] [%emt 0:00:03]}
1/2-1/2

[Event "34e Open International d'Ã©checs d'Avoin"]
[Site "Avoine, France"]
[Date "2019.07.22"]
[Round "3.10"]
[White "Abergel, Thal"]
[Black "Pottier, Simeon"]
[Result "1-0"]
[WhiteElo "2450"]
[BlackElo "2192"]
[PlyCount "59"]
[EventDate "2019.??.??"]
[TimeControl "1"]

1. Nf3 Nf6 2. c4 c5 3. g3 g6 4. b3 Bg7 5. Bb2 O-O 6. Bg2 Nc6 7. O-O d6 8. d4 cxd4 9. Nxd4 Bd7 10. Nc2 Qc8 11. Re1 Bh3 12. Bh1 a6 13. Nc3 Rb8 14. Ne3 b5 15. cxb5 axb5 16. Rc1 Bd7 17. Qd2 Qa6 18. Ncd5 Nxd5 19. Bxg7 Kxg7 20. Nxd5 Qa7 21. h4 Rfc8 22. Red1 Be8 23. h5 f6 24. h6+ Kh8 25. Nxf6 Ne5 26. Qf4 Bf7 27. Rxc8+ Rxc8 28. Ng4 g5 29. Qxg5 Rg8 30. Nxe5 1-0